[ AOE2 MATCH · #504807506 ]
UnrankedSpanish vs Hindustanis
Player's team · WIN
[ REPLAY ANALYSIS · EXTRACTED FROM THE RECORDED GAME ]
Feudal
9:16
Castle
—
Imperial
—
| APM avg | 73.9 |
| APM peak | 98 |
| eAPM avg | 41.7 |
| Villagers / military | 23 / 3 |
Focus
⚔️ 54.3% · 🌾 45.7%
Militia ×3
Feudal
—
Castle
—
Imperial
—
| APM avg | 68.5 |
| APM peak | 103 |
| eAPM avg | 22.9 |
| Villagers / military | 22 / 5 |
Focus
⚔️ 43.1% · 🌾 56.9%
Militia ×5
Match map
Initial resources + every placement click. Lines = walls · curves = elevation contours. ◆ gold · ⬟ stone · ● berries · ✦ relic · ◌ wall gap
Your base
Nobody's base
Smoothed initial terrain · ◌ = detected wall gap · hover for details
Inputs per minute
— Mettiu - - Nobody
Build order — Mettiu
38 actions detected in the replay
| 0:00 | Queue | Villager (Male) ×4 |
| 0:01 | Build | House |
| 0:02 | Build | House |
| 1:31 | Queue | Villager (Male) |
| 1:54 | Queue | Villager (Male) |
| 2:23 | Queue | Villager (Male) |
| 2:28 | Build | Lumber Camp |
| 2:44 | Queue | Villager (Male) |
| 3:10 | Queue | Villager (Male) |
| 3:13 | Queue | Villager (Male) |
| 3:34 | Queue | Villager (Male) |
| 4:14 | Queue | Villager (Male) |
| 4:27 | Queue | Villager (Male) |
| 4:31 | Build | House |
| 5:12 | Queue | Villager (Male) |
| 5:19 | Queue | Villager (Male) |
| 5:29 | Build | Barracks |
| 5:44 | Queue | Villager (Male) |
| 5:45 | Research | Loom |
| 6:16 | Build | House |
| 7:06 | Research | Feudal Age |
| 7:39 | Build | House |
| 7:41 | Build | Palisade Wall |
| 7:58 | Queue | Militia |
| 8:17 | Queue | Villager (Male) |
| 8:19 | Queue | Militia |
| 8:21 | Build | Mining Camp |
| 8:24 | Queue | Militia |
| 9:13 | Build | Mill |
| 9:16 | Age | Feudal Age |
| 9:24 | Queue | Villager (Male) |
| 9:39 | Queue | Villager (Male) |
| 9:53 | Build | House |
| 9:55 | Queue | Villager (Male) |
| 10:11 | Queue | Villager (Male) |
| 10:31 | Queue | Villager (Male) |
| 10:45 | Build | Archery Range |
| 10:51 | Queue | Villager (Male) |
Build order — Nobody
52 actions detected in the replay
| 0:00 | Queue | Villager (Male) |
| 0:01 | Queue | Villager (Male) |
| 0:01 | Queue | Villager (Male) |
| 0:02 | Build | House |
| 0:03 | Build | House |
| 0:07 | Queue | Villager (Male) |
| 1:05 | Queue | Villager (Male) |
| 1:27 | Queue | Villager (Male) |
| 2:15 | Queue | Villager (Male) |
| 2:18 | Queue | Villager (Male) |
| 2:42 | Queue | Villager (Male) |
| 3:03 | Queue | Villager (Male) |
| 3:24 | Build | House |
| 3:46 | Queue | Villager (Male) |
| 3:54 | Build | Barracks |
| 4:22 | Queue | Villager (Male) |
| 4:39 | Queue | Villager (Male) |
| 4:45 | Queue | Villager (Male) |
| 4:54 | Build | House |
| 5:00 | Queue | Militia |
| 5:00 | Queue | Militia |
| 5:01 | Queue | Villager (Male) |
| 5:29 | Queue | Militia |
| 5:31 | Build | Palisade Wall |
| 5:38 | Queue | Villager (Male) |
| 5:47 | Queue | Villager (Male) |
| 5:51 | Build | Mill |
| 5:57 | Build | Palisade Wall |
| 6:16 | Build | House |
| 6:18 | Queue | Villager (Male) |
| 6:32 | Queue | Militia |
| 6:45 | Build | Palisade Wall |
| 6:46 | Build | Palisade Wall |
| 7:38 | Queue | Villager (Male) |
| 7:39 | Queue | Militia |
| 7:58 | Queue | Villager (Male) |
| 8:25 | Build | Lumber Camp |
| 8:30 | Queue | Villager (Male) |
| 8:58 | Queue | Villager (Male) |
| 8:59 | Build | Farm |
| 9:28 | Build | House |
| 9:40 | Research | Feudal Age |
| 9:40 | Research | Feudal Age |
| 9:40 | Research | Feudal Age |
| 9:40 | Research | Feudal Age |
| 9:40 | Research | Feudal Age |
| 9:40 | Research | Feudal Age |
| 9:57 | Build | Palisade Wall |
| 10:04 | Build | Palisade Wall |
| 10:08 | Build | Palisade Wall |
| 10:42 | Build | Farm |
| 10:53 | Build | Palisade Wall |
Match timeline
| 3:54 | Nobody · first_building Barracks |
| 5:29 | Mettiu · first_building Barracks |
| 5:31 | Nobody · wall_segment Palisade Wall x2 |
| 5:57 | Nobody · wall_segment Palisade Wall x1 |
| 6:45 | Nobody · wall_segment Palisade Wall x9 |
| 6:46 | Nobody · wall_segment Palisade Wall x6 |
| 7:41 | Mettiu · wall_segment Palisade Wall x1 |
| 9:16 | Mettiu · age_up feudal |
| 9:57 | Nobody · wall_segment Palisade Wall x7 |
| 10:04 | Nobody · wall_segment Palisade Wall x8 |
| 10:08 | Nobody · wall_segment Palisade Wall x6 |
| 10:45 | Mettiu · first_building Archery Range |
| 10:53 | Nobody · wall_segment Palisade Wall x1 |
| 11:17 | Nobody · resign |
[ AI ANALYSIS · 1 CREDIT ]
What really happened in this match?
Wolo.gg analyzes every decision: build order, eco, micro, common mistakes by bracket. Personalized analysis on WhatsApp or Discord in 30 seconds.
Civ guide
Spanish
Perfil
Mettiu (Mettiu)